 Dungeon Crawl Stone Soup version 0.27.1-33-g824d729ab1 (webtiles) character file.

Game seed: 5712290232810115972

1346 sking99 the Digger (level 8, 0/58 HPs)
             Began as a Gnoll Earth Elementalist on Dec 8, 2021.
             Was an Initiate of Kikubaaqudgha.
             Slain by a yak (12 damage)
             ... in the Ecumenical Temple.
             The game lasted 00:14:58 (6461 turns).

sking99 the Digger (Gnoll Earth Elementalist)       Turns: 6461, Time: 00:14:58

Health: 0/58       AC:  5    Str: 10    XL:     8   Next: 62%
Magic:  0/17       EV: 13    Int: 14    God:    Kikubaaqudgha [......]
Gold:   141        SH:  5    Dex: 13    Spells: 13/19 levels left

rFire    . . .     SeeInvis .   i - +0 dagger
rCold    . . .     Faith    .   e - +0 buckler
rNeg     + . .     Spirit   .   h - +0 leather armour
rPois    .         Reflect  .   f - +0 helmet
rElec    .         Harm     .   p - +0 cloak
rCorr    .         Rampage  .   (no gloves)
Will     .....                  (no boots)
Stlth    +++.......             (no amulet)
HPRegen  0.19/turn              l - ring of positive energy
MPRegen  0.15/turn              (no ring)

@: no status effects
A: fangs 1, strong nose, distributed training
a: Renounce Religion


You were in the Ecumenical Temple.
You worshipped Kikubaaqudgha.
Kikubaaqudgha was noncommittal.
You visited 2 branches of the dungeon, and saw 7 of its levels.

You collected 141 gold pieces.

Inventory:

Hand Weapons
 i - a +0 dagger (weapon)
Missiles
 m - 5 throwing nets
Armour
 e - a +0 buckler (worn)
 f - a +0 helmet (worn)
 h - a +0 leather armour (worn)
 p - a +0 cloak (worn)
Jewellery
 l - a ring of positive energy (left hand)
Potions
 j - a potion of brilliance
 k - a potion of ambrosia
 n - 3 potions of mutation


   Skills:
 + Level 3.4 Fighting
 + Level 3.4 Short Blades
 + Level 3.4 Long Blades
 + Level 3.4 Axes
 + Level 3.4 Maces & Flails
 + Level 3.4 Polearms
 + Level 3.4 Staves
 + Level 3.4 Slings
 + Level 3.4 Bows
 + Level 3.4 Crossbows
 + Level 3.4 Throwing
 + Level 3.4 Armour
 + Level 5.8 Dodging
 + Level 5.4 Stealth
 + Level 3.4 Shields
 + Level 3.4 Unarmed Combat
 + Level 6.1 Spellcasting
 + Level 2.8 Conjurations
 + Level 2.8 Hexes
 + Level 2.8 Summonings
 + Level 2.8 Necromancy
 + Level 2.8 Translocations
 + Level 3.6 Transmutations
 + Level 2.8 Fire Magic
 + Level 2.8 Ice Magic
 + Level 2.8 Air Magic
 + Level 6.2 Earth Magic
 + Level 2.8 Poison Magic
 + Level 3.8 Invocations
 + Level 3.4 Evocations


You had 13 spell levels left.
You knew the following spells:

 Your Spells              Type           Power      Damage    Failure   Level
a - Sandblast             Erth           42%        2d11      1%          1
b - Stone Arrow           Conj/Erth      32%        3d9       11%         3
x - Passwall              Tmut/Erth      15%        N/A       4%          2

Your spell library contained the following spells:

 Spells                   Type           Power      Damage    Failure   Level
 Animate Skeleton         Necr           24%        N/A       7%          1
 Apportation              Tloc           24%        N/A       7%          1
 Corona                   Hex            13%        N/A       7%          1
 Summon Small Mammal      Summ           48%        N/A       7%          1
 Call Canine Familiar     Summ           12%        N/A       21%         3
 Portal Projectile        Hex/Tloc       24%        N/A       21%         3
 Petrify                  Tmut/Erth      18%        N/A       28%         4
 Leda's Liquefaction      Hex/Erth       8%         N/A       34%         4


Dungeon Overview and Level Annotations

Branches:
Dungeon (6/15)             Temple (1/1) D:5

Altars:
Ashenzari
Dithmenos
Elyvilon
Fedhas
Gozag
Hepliaklqana
Kikubaaqudgha
Makhleb
Nemelex Xobeh
Okawaru
Qazlal
Sif Muna
Uskayaw
Wu Jian
Xom
Yredelemnul
Zin
The Shining One

Shops:
D:6 :

Annotations:
D:5 Edmund


Innate Abilities, Weirdness & Mutations

You have very sharp teeth.
Your uncanny sense of smell can sniff out nearby items.
Your experience applies equally to all skills.


Message History

You hit the yak but do no damage.
The yak is heavily wounded.
You block the yak's attack.
You hit the yak but do no damage.
The yak is heavily wounded.
The yak barely misses you.
You hit the yak but do no damage.
The yak is heavily wounded.
The yak closely misses you.
You hit the yak but do no damage.
The yak is heavily wounded.
You barely miss the yak.
The yak is heavily wounded.
The yak misses you.
You hit the yak but do no damage.
The yak is heavily wounded.
The yak barely misses you.
You completely miss the yak. You bite the yak, but do no damage.
The yak is heavily wounded.
The yak barely misses you.
You barely miss the yak.
The yak is heavily wounded.
The yak barely misses you.
Casting: Stone Arrow (dangerous; 11% risk of failure)
Confirm with . or Enter, or press ? or * to list all spells.
Aiming: Stone Arrow (dangerous; 11% risk of failure)
Press: ? - help, Shift-Dir - straight line, f - yak
Aim: a yak (heavily wounded, 81% to hit)
The stone arrow hits the yak!
The yak is severely wounded.
The yak gores you!
* * * LOW HITPOINT WARNING * * *
You hit the yak but do no damage.
The yak is severely wounded.
The yak barely misses you.
You hit the yak.
The yak is severely wounded.
The yak gores you!
You die...
Kikubaaqudgha rasps: "You have failed me!
Welcome... death!"

#################################
#........#.............#........#
#.#......'.............#..._..P.#
#..†<..Y.#.............#........#
#.......##...Y.........##....._.#
#......##......#Y#......##......#
#....###......##@##......#'#....#
#...##.....####...####.....##...#
##+##.....##.##...##.##'....#####
#........#...#.._..#...#........#
#.......##._.##...##._.##.......#
#.......#...P.#.P.#.#...#.......#
#.......####..##.##..####.......#
#......###.###########.###......#
#.....##.....## ##.....##.....#


You could see a yak.

Vanquished Creatures
  5 yaks (Temple)
  A scorpion (D:5)
  A water moccasin zombie (D:5)
  Crazy Yiuf (D:4)
  3 hounds (D:4)
  2 jellies (D:4)
  An orc priest (D:4)
  3 orc wizards (D:4)
  An iguana (D:4)
  A hound skeleton (D:4)
  7 gnolls
  4 adders
  An adder skeleton (D:5)
  A worm (D:2)
  2 dart slugs (D:2)
  7 orcs
  7 bats
  10 endoplasms
  3 giant cockroaches
  5 goblins
  3 hobgoblins
  3 kobolds
  4 quokkas
  8 ball pythons
  3 frilled lizards (D:2)
  3 rats
90 creatures vanquished.

Vanquished Creatures (others)
  A fungus (D:4)
1 creature vanquished.

Grand Total: 91 creatures vanquished

Notes
Turn   | Place    | Note
-------+----------+-------------------------------------------
     0 | D:1      | sking99 the Gnoll Earth Elementalist began the quest for
                  | the Orb.
     0 | D:1      | Reached XP level 1. HP: 13/13 MP: 6/6
   314 | D:1      | Reached XP level 2. HP: 19/19 MP: 5/7
   446 | D:1      | Learned a level 2 spell: Passwall
  1421 | D:2      | Found a faded altar of an unknown god.
  1433 | D:2      | Reached XP level 3. HP: 22/25 MP: 6/9
  1475 | D:2      | Reached skill level 5 in Spellcasting
  1575 | D:2      | Reached skill level 1 in Invocations
  1620 | D:2      | Learned a level 3 spell: Stone Arrow
  1654 | D:2      | Reached skill level 1 in Fighting
  1654 | D:2      | Reached skill level 1 in Short Blades
  1654 | D:2      | Reached skill level 1 in Long Blades
  1654 | D:2      | Reached skill level 1 in Axes
  1654 | D:2      | Reached skill level 1 in Maces & Flails
  1654 | D:2      | Reached skill level 1 in Polearms
  1654 | D:2      | Reached skill level 1 in Staves
  1654 | D:2      | Reached skill level 1 in Slings
  1654 | D:2      | Reached skill level 1 in Bows
  1654 | D:2      | Reached skill level 1 in Crossbows
  1654 | D:2      | Reached skill level 1 in Throwing
  1654 | D:2      | Reached skill level 1 in Armour
  1654 | D:2      | Reached skill level 1 in Shields
  1654 | D:2      | Reached skill level 1 in Unarmed Combat
  1654 | D:2      | Reached skill level 1 in Evocations
  1846 | D:2      | Reached XP level 4. HP: 32/32 MP: 8/11
  1903 | D:2      | Reached skill level 1 in Conjurations
  1903 | D:2      | Reached skill level 1 in Hexes
  1903 | D:2      | Reached skill level 1 in Summonings
  1903 | D:2      | Reached skill level 1 in Necromancy
  1903 | D:2      | Reached skill level 1 in Translocations
  1903 | D:2      | Reached skill level 1 in Fire Magic
  1903 | D:2      | Reached skill level 1 in Ice Magic
  1903 | D:2      | Reached skill level 1 in Air Magic
  1903 | D:2      | Reached skill level 1 in Poison Magic
  2532 | D:3      | Found a shimmering blue altar of Sif Muna.
  2660 | D:3      | Reached XP level 5. HP: 37/37 MP: 10/12
  3266 | D:3      | Found a snail-covered altar of Cheibriados.
  3269 | D:3      | Found a bloodstained altar of Trog.
  3269 | D:3      | Found an ancient bone altar of Kikubaaqudgha.
  3271 | D:3      | Found a stormy altar of Qazlal.
  3271 | D:3      | Found a shimmering altar of Xom.
  3271 | D:3      | Found a glowing golden altar of the Shining One.
  3793 | D:4      | Found an ornate altar of the Wu Jian Council.
  3987 | D:4      | Reached XP level 6. HP: 40/44 MP: 7/13
  4396 | D:4      | Reached skill level 5 in Dodging
  4717 | D:4      | Reached XP level 7. HP: 50/50 MP: 11/15
  4957 | D:4      | Found a runed translucent door.
  4958 | D:4      | Noticed Crazy Yiuf
  5136 | D:4      | Killed Crazy Yiuf
  5235 | D:5      | Entered Level 5 of the Dungeon
  5235 | D:5      | Noticed a yak
  5235 | D:5      | Noticed a yak
  5235 | D:5      | Noticed a yak
  5236 | D:5      | Noticed a yak
  5331 | D:6      | Found Hegher's Self-Improvement Boutique.
  5346 | D:5      | Noticed Edmund
  5769 | D:5      | Found a staircase to the Ecumenical Temple.
  5773 | D:5      | Noticed a yak
  5774 | D:5      | Noticed a yak
  5778 | D:5      | Noticed a yak
  5779 | Temple   | Entered the Ecumenical Temple
  5983 | Temple   | Became a worshipper of Kikubaaqudgha
  6015 | D:5      | Noticed a yak
  6015 | D:5      | Noticed a yak
  6052 | Temple   | Killed a yak
  6053 | Temple   | Reached skill level 5 in Stealth
  6057 | Temple   | Killed a yak
  6058 | Temple   | Reached XP level 8. HP: 16/57 MP: 4/16
  6059 | Temple   | Killed a yak
  6309 | Temple   | Killed a yak
  6438 | Temple   | Killed a yak
  6461 | Temple   | Slain by a yak

Illustrated notes

Levels and vault maps discovered:
D:1:      kilobyte_arrival_exit_the_forest, layout_loops_ring,
          minmay_misc_feat_x, minmay_distorted
D:2:      wad_crossroads, layout_basic, shapermc_ecumenical_altar_venn
D:3:      layout_loops_corners, doesnt_xom_only_xom, general_overflow_altar
D:4:      layout_basic, mainiacjoe_overflow_six_doors_small,
          minmay_misc_feat_four_crosses, corexii_hall_statues_x,
          uniq_crazy_yiuf_cottage
D:5:      minmay_polygon_palace, layout_rooms, minmay_temple_entry_mini_moons,
          uniq_edmund, uniq_eustachio
D:6:      layout_basic, mainiacjoe_overflow_alcove_1,
          mainiacjoe_overflow_cross_hatched, nicolae_shop_self_help
Temple:   regret_index_temple_generic_petals

Skill      XL: |  1  2  3  4  5  6  7  8 |
---------------+-------------------------+-----
Transmutations | 2 3 |  3.6
Spellcasting   | 5 6 |  6.1
Invocations    | 1 2 3 |  3.8
Fighting       | 1 2 3 |  3.4
Short Blades   | 1 2 3 |  3.4
Long Blades    | 1 2 3 |  3.4
Axes           | 1 2 3 |  3.4
Maces & Flails | 1 2 3 |  3.4
Polearms       | 1 2 3 |  3.4
Staves         | 1 2 3 |  3.4
Slings         | 1 2 3 |  3.4
Bows           | 1 2 3 |  3.4
Crossbows      | 1 2 3 |  3.4
Throwing       | 1 2 3 |  3.4
Armour         | 1 2 3 |  3.4
Shields        | 1 2 3 |  3.4
Unarmed Combat | 1 2 3 |  3.4
Evocations     | 1 2 3 |  3.4
Conjurations   | 1 2 |  2.8
Hexes          | 1 2 |  2.8
Summonings     | 1 2 |  2.8
Necromancy     | 1 2 |  2.8
Translocations | 1 2 |  2.8
Fire Magic     | 1 2 |  2.8
Ice Magic      | 1 2 |  2.8
Air Magic      | 1 2 |  2.8
Poison Magic   | 1 2 |  2.8
Dodging        | 5 |  5.8
Stealth        | 5 |  5.4
Earth Magic    | 6 |  6.2

Action                   |  1- 3 |  4- 6 |  7- 9 || total
-------------------------+-------+-------+-------++-------
Melee: Unarmed           |     2 |     6 |     4 ||    12
       Dagger            |       |       |    31 ||    31
       Bite              |       |       |     3 ||     3
 Cast: Sandblast         |    41 |    85 |    13 ||   139
       Stone Arrow       |       |     4 |    31 ||    35
  Use: Scroll            |       |     6 |     1 ||     7
       Potion            |       |       |     5 ||     5
 Stab: Sleeping          |       |     1 |       ||     1
Armor: Robe              |     4 |     5 |       ||     9
       Leather armour    |       |       |    12 ||    12
Dodge: Dodged            |     4 |    23 |    47 ||    74
Block: Buckler           |     1 |     6 |    16 ||    23
